AoeStats
← El wey

Arabia

510222902Analyzed
2v2 RM · 2d ago on Sep 30, 2026· 29m 14s· 4 players
Game mode
Random Map
Map size
Medium (4 player)
Population
200
Speed
Normal
Resources
Standard
Victory
Conquest
Starting age
Dark Age
Ending age
Imperial Age
RankedLock teamsTeams togetherTeam positionsShared explorationLock speedFull tech treeHidden civsTurbo modeCheats
Victory
Defeat
🇦🇷 Ethiopians · Argentina
1050
+15
🇦🇷 Franks · Argentina
1036
+15
🇺🇸 Persians · United States
1049
-16
🇵🇹 Mapuche · Portugal
1005
-14
IIIGekoIII
8:01 Loom
10:49 Feudal Age
11:19 Double-Bit Axe
19:59 Wheelbarrow
21:42 Forging
24:35 Castle Age
22:58 Scale Barding Armor
24:12 Fletching
26:02 Iron Casting
25:26 Gold Mining
28:14 Hand Cart
28:29 Chain Barding Armor
El wey
7:24 Loom
10:27 Feudal Age
10:57 Double-Bit Axe
14:42 Wheelbarrow
14:11 Fletching
14:22 Padded Archer Armor
24:14 Castle Age
24:31 Gold Mining
24:22 Horse Collar
24:22 Crossbowman
25:10 Thumb Ring
26:46 Bow Saw
27:55 Bodkin Arrow
Funtertainer
2:58 Loom
3:32 Loom
11:03 Feudal Age
22:00 Castle Age
20:46 Double-Bit Axe
20:44 Horse Collar
26:38 Stone Mining
26:38 Gold Mining
26:51 Heavy Plow
27:10 Bow Saw
27:18 Scale Barding Armor
27:24 Forging
D. Pires IV
0:54 Loom
10:22 Feudal Age
10:56 Double-Bit Axe
14:45 Horse Collar
28:38 Castle Age
27:13 Fletching
27:25 Scale Mail Armor
28:20 Gold Mining
Connection lost

Rejoining the realm…

Still unreachable

The connection could not be restored.

Session expired

The server has moved on; the page needs a fresh start.